 Dungeon Crawl Stone Soup version 0.30-a0-878-gc727b3d3d6 (webtiles) character file.

Game seed: 2989518706165169806

95 112233 the Conjurer (level 4, 0/24 HPs)
             Began as a Deep Elf Conjurer on Mar 12, 2023.
             Killed from afar by Sigmund (6 damage)
             ... with a puff of flame
             ... on level 2 of the Dungeon.
             The game lasted 00:04:04 (1685 turns).

112233 the Conjurer (Deep Elf Conjurer)             Turns: 1685, Time: 00:04:04

Health: 0/24       AC:  2    Str:  4    XL:     4   Next: 39%
Magic:  13/13      EV: 12    Int: 25    God:
Gold:   46         SH:  0    Dex: 13    Spells: 10/13 levels left

rFire   . . .      SeeInvis .    g - +2 dagger (venom)
rCold   . . .      Faith    .    (no shield)
rNeg    . . .      Spirit   .    a - +0 robe
rPois   .          Reflect  .    (no helmet)
rElec   .          Rampage  .    (no cloak)
rCorr   .                        (no gloves)
Will    .....                    (no boots)
Stlth   +                        h - amulet of magic regeneration
HPRegen 0.24/turn                (no ring)
MPRegen 0.53/turn                (no ring)

@: silenced
A: no striking features
a: no special abilities


You were on level 2 of the Dungeon.
You visited 1 branch of the dungeon, and saw 2 of its levels.

You collected 46 gold pieces.

Inventory:

Hand Weapons
 g - a +2 dagger of venom (weapon)
Armour
 a - a +0 robe (worn)
Magical Staves
 i - a staff of death
Jewellery
 h - an amulet of magic regeneration (around neck)
Scrolls
 c - 2 scrolls of identify
 f - a scroll of enchant weapon
Potions
 b - a potion of magic


   Skills:
 - Level 2.5 Dodging
 - Level 2.5 Stealth
 + Level 5.1 Spellcasting
 + Level 5.3 Conjurations


You had 10 spell levels left.
You knew the following spells:

 Your Spells              Type           Power      Damage    Failure   Level
a - Magic Dart            Conj           100%       1d8       1%          1
b - Searing Ray           Conj           66%        2d6       1%          2

Your spell library contained the following spells:

 Spells                   Type           Power      Damage    Failure   Level
 Dazzling Flash           Conj/Hex       38%        N/A       9%          3
 Fulminant Prism          Conj/Hex       9%         3d7       26%         4
 Iskenderun's Mystic Bla  Conj/Tloc      19%        2d6       26%         4


Dungeon Overview and Level Annotations

Branches:
Dungeon (2/15)

Altars:

Annotations:
D:2 Sigmund


Message History

The scroll dissolves into smoke.
A magic dart appears from out of thin air!
The magic dart hits you!
Unknown command.
As you read the scroll labelled ZUAH XI JIERUC, it crumbles to dust.
It is a scroll of identify.
f - a scroll of enchant weapon Something hits you.
Okay, then.
Okay, then.
As you read the scroll labelled GEPTEM ARONA, it crumbles to dust.
You feel aware of your surroundings.
It was a scroll of magic mapping.
A magic dart appears from out of thin air!
The magic dart hits you.
Unknown command.
As you read the scroll labelled LAOCEN JURI, it crumbles to dust.
A profound silence engulfs you.
It was a scroll of silence.
Something hits you.
* * * LOW HITPOINT WARNING * * *
Unknown command.
There is a strange disturbance nearby!
A magic dart appears from out of thin air!
The magic dart hits you.
* * * LOW HITPOINT WARNING * * *
You see here a ball python skeleton.
You open the door.
There is an open door here.
You close the door.
Okay, then.
Magic scrolls do not work when you're silenced!
Unknown command.
You aren't carrying any items that you can evoke.
Unknown command.
Magic scrolls do not work when you're silenced!
Unknown command.
Unknown command.
Okay, then.
Found 4 gold pieces.
Something unseen opens the door.
A puff of flame appears from out of thin air!
The puff of flame hits you.
You die...

*,,...........{.....
***#.......###...... *******
#.......###{.#### *,,,,,*
#............#### *,,,,,*
#.......###...... *,,,,,*
#######.######### *,,,,,*
#..รท.[.....#
*****,,,..#########..........#
*,,,,,,,.......@..'{.........###
*,***,,,.$#########.............
*,* *,,,,,* #..........#####....
*,* *,,,,,* #...................
*,* *,,,,,* #..........###.#.###
*,* *,,,,,* *######.#### #.#.#
*,********#########....###.#.#
*,,,,,,,,,.................#.#
***********######.####.###...*


There were no monsters in sight!

Vanquished Creatures
  Jessica (D:2)
  2 adders (D:2)
  2 worms (D:2)
  5 endoplasms
  A giant cockroach (D:1)
  3 goblins (D:1)
  3 hobgoblins
  7 jackals
  5 kobolds
  A quokka (D:1)
  5 ball pythons
  A bat (D:2)
  4 frilled lizards
  A rat (D:1)
41 creatures vanquished.

Notes
Turn   | Place    | Note
-------+----------+-------------------------------------------
     0 | D:1      | 112233 the Deep Elf Conjurer began the quest for the Orb.
     0 | D:1      | Reached XP level 1. HP: 10/10 MP: 6/6
   199 | D:1      | Reached XP level 2. HP: 15/15 MP: 6/8
   202 | D:1      | Learned a level 2 spell: Searing Ray
  1091 | D:2      | Reached XP level 3. HP: 19/19 MP: 3/10
  1290 | D:2      | Reached skill level 5 in Conjurations
  1338 | D:2      | Noticed Jessica
  1345 | D:2      | Killed Jessica
  1346 | D:2      | Reached skill level 5 in Spellcasting
  1346 | D:2      | Reached XP level 4. HP: 24/24 MP: 9/13
  1348 | D:2      | Noticed Sigmund
  1685 | D:2      | Killed from afar by Sigmund

Illustrated notes

Levels and vault maps discovered:
D:1:      dpeg_arrival_tiny_a, layout_basic
D:2:      layout_basic, uniq_robin, uniq_sigmund, uniq_jessica

Skill      XL: |  1  2  3 |
---------------+----------+-----
Spellcasting   | 4 5 |  5.1
Conjurations   | 5 |  5.3
Dodging        | |  2.5
Stealth        | |  2.5

Action                     |  1- 3 |  4- 6 || total
---------------------------+-------+-------++-------
   Cast: Magic Dart        |    61 |    13 ||    74
         Searing Ray       |     2 |     2 ||     4
    Use: Scroll            |       |     5 ||     5
         Potion            |       |     2 ||     2
  Dodge: Dodged            |     1 |     2 ||     3

Table legend: (Time is in decaauts)
 A = Elapsed time spent in this place.
 B = Non-inter-level travel time spent in this place.
 C = Inter-level travel time spent in this place.
 D = Time resting spent in this place.
 E = Time spent auto-exploring this place.
 F = Levels seen in this place.
 G = Mean time per level.
                   A        B        C        D        E       F      G
               +--------+--------+--------+--------+--------+-----+--------+
         Total |   1671 |   1587 |     84 |      0 |   1349 |   2 |  835.5 |
       Dungeon |   1671 |   1587 |     84 |      0 |   1349 |   2 |  835.5 |
               +--------+--------+--------+--------+--------+-----+--------+

Top non-repeatable levels by time:
     D:1: 1117 daAuts
     D:2: 553 daAuts
